 Dungeon Crawl Stone Soup version 0.29-a0-370-gb5314be063 (webtiles) character file.

Game seed: 11553283776023752468

5 Lekart the Skirmisher (level 1, -2/19 HPs)
             Began as a Draconian Chaos Knight on May 1, 2022.
             Was a Plaything of Xom.
             Slain by an ufetubus (3 damage)
             ... summoned by Xom
             ... on level 1 of the Dungeon.
             The game lasted 00:00:22 (573 turns).

Lekart the Skirmisher (Draconian Chaos Knight)       Turns: 573, Time: 00:00:23

Health: -2/19      AC:  4    Str: 14    XL:     1   Next: 66%
Magic:  1/1        EV: 12    Int: 12    God:    Xom [......]
Gold:   5          SH:  0    Dex: 10    Spells: 0/0 levels left

rFire   . . .      SeeInvis .   a - +0 falchion (chaos)
rCold   . . .      Faith    .   (no shield)
rNeg    . . .      Spirit   .   (body armour unavailable)
rPois   .          Reflect  .   (helmet restricted)
rElec   .          Harm     .   (no cloak)
rCorr   .          Rampage  .   (no gloves)
Will    .....                   (no boots)
Stlth   +.........              (no amulet)
HPRegen 0.06/turn               (no ring)
MPRegen 0.07/turn               (no ring)

@: about to teleport
A: AC +4, unfitting armour, cold-blooded
a: Renounce Religion


You were on level 1 of the Dungeon.
You worshipped Xom.
You were a very special plaything of Xom.
You visited 1 branch of the dungeon, and saw 1 of its levels.

You collected 5 gold pieces.

Inventory:

Hand Weapons
 a - a +0 falchion of chaos (weapon)
Scrolls
 f - a scroll of immolation {unknown}
 g - a scroll of fog {unknown}
Potions
 c - 2 potions of resistance {unknown}
 e - a potion of cancellation {unknown}
Miscellaneous
 b - a piece from Xom's chessboard (15/15) (quivered)


   Skills:
 * Level 3.5 Fighting
 + Level 3.1 Long Blades
 + Level 2.1 Dodging


You couldn't memorise any spells.
You didn't know any spells.
Your spell library was empty.

Dungeon Overview and Level Annotations

Branches:
Dungeon (1/15)

Altars:

Shops:
D:1 :


Innate Abilities, Weirdness & Mutations

Your plain brown scales are hard. (AC +4)
You cannot fit into any form of body armour.
You are cold-blooded and may be slowed by cold attacks.


Message History

There is an open door here.
Found a stone staircase leading down.
Key pressed, stopping explore.
No target in view!
Found a ring mail.
No target in view!
Found a stone staircase leading down.
You see here a +0 ring mail.
There is an open door here.
Key pressed, stopping explore.
No target in view!
There is an open door here.
You now have 5 gold pieces.
f - a scroll labelled ZAOWIE POSA No target in view!
g - a scroll labelled MIW BICORAKH Key pressed, stopping explore.
No target in view! "You have displeased me, mortal."
Your body is wracked with pain!
No target in view!
You hear Xom's maniacal laughter.
The ufetubus closely misses you. The ufetubus hits you.
An ufetubus is nearby!
You closely miss the ufetubus. The ufetubus barely misses you. x2
The ufetubus hits you. x2
An ufetubus is nearby!
An ufetubus is nearby!
You are too injured to fight recklessly!
You are too injured to fight recklessly!
You are too injured to fight recklessly!
The ufetubus attacks as you move away! The ufetubus barely misses you.
The ufetubus hits you.
* * * LOW HITPOINT WARNING * * *
The ufetubus misses you. The ufetubus hits you.
* * * LOW HITPOINT WARNING * * *
As you read the scroll labelled RANLUL TAYBOCK, it crumbles to dust.
You feel strangely unstable.
It was a scroll of teleportation.
The ufetubus hits you.
You die...

########.# # .........# .###
########.# ###... ##############
#.# #... ..#..........#
###.#####.##### #.#.########.#
#.............#### #.#.########.#
#.#.........#.....
#.#.#.....##.###.####............
................@..........).....
#.#.#........##5#####............
#.#.#[.......##..# #######......
..#.#..#...#.###.# ##...#..
###.#...#.#..# ..# #...#...
....#...)∩...# #.# #####..#####
#####...#.#..# #[. #...†...#...
#..#...#.# #.# #........#
#........#####..##...........


You could see an ufetubus (summoned).

Vanquished Creatures
  A ball python (D:1)
  An endoplasm (D:1)
  2 kobolds (D:1)
  A rat (D:1)
5 creatures vanquished.

Notes
Turn   | Place    | Note
-------+----------+-------------------------------------------
     0 | D:1      | Lekart the Draconian Chaos Knight began the quest for the
                  | Orb.
     0 | D:1      | Reached XP level 1. HP: 19/19 MP: 1/1
   129 | D:1      | XOM: silly message
   284 | D:1      | Found Ocsivoz's Book Boutique.
   513 | D:1      | XOM: torment (11/19 hp)
   568 | D:1      | XOM: summons 1 hostile demon
   573 | D:1      | Slain by an ufetubus

Illustrated notes

Levels and vault maps discovered:
D:1:      roderic_lyre, layout_basic, serial_shops,
          nicolae_shop_advertising_works [nicolae_subvault_shop_adworks],
          chequers_big_river, lemuel_another_geyser

Action                   || total
-------------------------++-------
Melee: Falchion          ||    13
  Use: Scroll            ||     1
Armor: Skin              ||     2
Dodge: Dodged            ||    13

Table legend: (Time is in decaauts)
 A = Elapsed time spent in this place.
 B = Non-inter-level travel time spent in this place.
 C = Inter-level travel time spent in this place.
 D = Time resting spent in this place.
 E = Time spent auto-exploring this place.
 F = Levels seen in this place.
 G = Mean time per level.
                   A        B        C        D        E       F      G
               +--------+--------+--------+--------+--------+-----+--------+
         Total |    574 |    574 |      0 |      0 |    518 |   1 |  574.0 |
       Dungeon |    574 |    574 |      0 |      0 |    518 |   1 |  574.0 |
               +--------+--------+--------+--------+--------+-----+--------+

Top non-repeatable levels by time:
     D:1: 574 daAuts
